 Dungeon Crawl Stone Soup version 0.30.1-3-gfc49f6343a (webtiles) character file.

Game seed: 11965124656892997973

634 javelincjr the Trooper (level 7, 0/55 HPs)
             Began as a Demonspawn Fighter on July 21, 2023.
             Killed from afar by an orc wizard (5 damage)
             ... with a magic dart
             ... on level 4 of the Dungeon.
             The game lasted 00:13:02 (3633 turns).

javelincjr the Trooper (Demonspawn Fighter)         Turns: 3633, Time: 00:13:02

Health: 0/55       AC:  8    Str: 19    XL:     7   Next: 25%
Magic:  7/7        EV: 10    Int:  9    God:
Gold:   228        SH:  0    Dex: 16    Spells: 6/6 levels left

rFire   . . .        a - +0 war axe
rCold   . . .        (no shield)
rNeg    + . .        b - +0 scale mail
rPois   +            (no helmet)
rElec   .            r - +0 cloak {rPois}
rCorr   .            (no gloves)
SInv    .            (no boots)
Will    .....        (no amulet)
Stlth   ++           o - ring of positive energy
HPRegen 0.29/turn    f - ring of flight
MPRegen 0.10/turn

%: no passive effects
@: flying
A: claws 2, thin skeletal structure 2, powered by pain 1
a: no special abilities


You were on level 4 of the Dungeon.
You visited 1 branch of the dungeon, and saw 4 of its levels.

You collected 261 gold pieces.
You spent 33 gold pieces at shops.

Inventory:

Hand Weapons
 a - a +0 war axe (weapon)
 j - the +5 mace of the Warrior {freeze, Dex+2}
   (You found it on level 2 of the Dungeon)

   Dex:       It affects your dexterity (+2).
 q - a +4 quarterstaff of chaos
Armour
 b - a +0 scale mail (worn)
 c - a +0 buckler
 r - a +0 cloak of poison resistance (worn)
Jewellery
 f - a ring of flight (right claw)
 o - a ring of positive energy (left claw)
 s - a ring of positive energy
Scrolls
 e - a scroll of enchant armour {unknown}
 i - 2 scrolls of teleportation
 k - a scroll of blinking {unknown}
Potions
 d - a potion of might
 g - 2 potions of flight
 h - a potion of haste
 l - a potion of heal wounds
 m - a potion of cancellation {unknown}
 n - a potion of invisibility {unknown}
 p - 2 potions of curing


   Skills:
 * Level 4.9 Fighting
 - Level 2.2(3.0) Axes
 * Level 3.0(3.4) Maces & Flails
 * Level 4.4 Armour
 + Level 2.0 Dodging
 + Level 3.8 Shields


You had 6 spell levels left.
You didn't know any spells.
Your spell library contained the following spells:

 Spells                   Type           Power      Damage    Failure   Level
 Ensorcelled Hibernation  Hex/Ice        0%         N/A       87%         2
 Lesser Beckoning         Tloc           0%         N/A       87%         2
 Gell's Gravitas          Tloc           0%         N/A       98%         3
 Spider Form              Tmut/Pois      0%         N/A       98%         3
 Teleport Other           Tloc           0%         N/A       98%         3
 Anguish                  Hex/Necr       0%         N/A       100%        4
 Dispersal                Tloc           0%         N/A       100%        6


Dungeon Overview and Level Annotations

Branches:
Dungeon (4/15)
 Temple: D:4-7

Altars:
Ashenzari
Kikubaaqudgha

Shops:
D:1 [[   D:4 *


Innate Abilities, Weirdness & Mutations

You have very sharp fingernails.
You have a moderately thin skeletal structure. (Dex +4, Stealth++)
You sometimes gain a little power by taking damage.


Message History

You miss the orc wizard. You closely miss something. You hit something.
Something hits you but does no damage.
The orc wizard hits you but does no damage.
Something hits you but does no damage.
You hear some strange, mumbled words.
A puff of flame appears from out of thin air!
The puff of flame hits you.
* * * LOW HITPOINT WARNING * * *
The orc wizard closely misses you. Something hits you but does no damage.
You slash the orc wizard!
You kill the orc wizard!
You miss something. You completely miss something.
Something hits you but does no damage. x2
Your Maces & Flails skill increases to level 3!
You bump into the rock wall.
You hear some strange, mumbled words.
A puff of flame appears from out of thin air!
The puff of flame hits you.
* * * LOW HITPOINT WARNING * * *
Something hits you but does no damage.
You slash something!
Reactivating autopickup.
You feel a bit more experienced.
You barely miss something.
You feel less confused. Something hits you.
* * * LOW HITPOINT WARNING * * *
Deactivating autopickup; reactivate with Ctrl-A.
Your Dodging skill increases to level 2!
You completely miss something. Something hits you but does no damage.
Something hits you.
* * * LOW HITPOINT WARNING * * *
You barely miss something. Something hits you.
* * * LOW HITPOINT WARNING * * *
You miss something. Something hits you.
* * * LOW HITPOINT WARNING * * *
You miss something.
You hear some strange, mumbled words.
A magic dart appears from out of thin air!
The magic dart hits you.
You die...

.........## ..#
........... .. #.#
.......... ....###.###
.........# #....)..#
.........# #####.#..
.........# #.###
#..)..##### #.#
#...)))...# #.#
#$...@{##..#######.###
######.# ............
#.########....###
#.#........##.#
#.#.#########.###
#...## #.....
..##....#######..##.
.........<........##.
...#######....###.#..


There were no monsters in sight!

Vanquished Creatures
  Grinder (D:3)
  2 phantoms
  A scorpion (D:4)
  A hound (D:4)
  A jelly (D:4)
  Crazy Yiuf (D:3)
  2 orc wizards (D:4)
  5 adders
  2 worms
  3 dart slugs
  2 orcs (D:4)
  4 ball pythons
  4 bats
  10 endoplasms
  3 giant cockroaches (D:1)
  7 goblins
  2 hobgoblins (D:3)
  5 kobolds
  4 frilled lizards
  3 rats (D:3)
63 creatures vanquished.

Notes
Turn   | Place    | Note
-------+----------+-------------------------------------------
     0 | D:1      | javelincjr the Demonspawn Fighter began the quest for the
                  | Orb.
     0 | D:1      | Reached XP level 1. HP: 18/18 MP: 1/1
   233 | D:1      | Gained mutation: You have a somewhat thin skeletal
                  | structure. (Dex +2, Stealth+) [demonic ancestry]
   233 | D:1      | Reached XP level 2. HP: 24/24 MP: 2/2
   236 | D:1      | Found Soosaxog's Antique Armour Boutique.
   725 | D:1      | Found Icirr's Armour Boutique.
   816 | D:1      | Gained mutation: You have a moderately thin skeletal
                  | structure. (Dex +4, Stealth++) [demonic ancestry]
   816 | D:1      | Reached XP level 3. HP: 29/29 MP: 3/3
  1293 | D:2      | Identified the +5 mace of the Warrior {freeze, Dex+2}
  1628 | D:2      | Found a broken altar of Ashenzari.
  1991 | D:3      | Gained mutation: You have sharp fingernails. [demonic
                  | ancestry]
  1991 | D:3      | Reached XP level 4. HP: 35/35 MP: 4/4
  2004 | D:3      | Noticed a phantom
  2011 | D:3      | Killed a phantom
  2012 | D:3      | Reached skill level 1 in Maces & Flails
  2012 | D:3      | Gained mutation: You have very sharp fingernails. [demonic
                  | ancestry]
  2012 | D:3      | Reached XP level 5. HP: 36/42 MP: 5/5
  2141 | D:3      | Found a runed translucent door.
  2142 | D:3      | Noticed Crazy Yiuf
  2148 | D:3      | Killed Crazy Yiuf
  2264 | D:3      | Reached skill level 1 in Dodging
  2354 | D:3      | Noticed Grinder
  2381 | D:3      | Killed Grinder
  2382 | D:3      | Gained mutation: You sometimes gain a little power by
                  | taking damage. [demonic ancestry]
  2382 | D:3      | Reached XP level 6. HP: 7/49 MP: 6/6
  3070 | D:4      | Found Joepsod's Specific Store.
  3111 | D:4      | Found Jofobb's General Store.
  3120 | D:4      | Bought a potion of flight for 33 gold pieces
  3392 | D:4      | Found an ancient bone altar of Kikubaaqudgha.
  3396 | D:4      | Reached XP level 7. HP: 35/55 MP: 7/7
  3633 | D:4      | Killed from afar by an orc wizard

Illustrated notes

Levels and vault maps discovered:
D:1:      tekkud_arrival_beachfront_property, layout_basic, serial_shops,
          nicolae_shop_back_alley_shop, shop, minmay_misc_feat_chi,
          minmay_hedge_maze
D:2:      layout_loops_corners, basic_altar, palyth_stone_intersect,
          minmay_between
D:3:      layout_basic, chequers_big_river, chequers_serial_rivers_room_a,
          chequers_serial_rivers_large_a, uniq_crazy_yiuf_cottage, uniq_grinder
D:4:      layout_rooms, nicolae_kikubaaqudgha_miasma_corner,
          nicolae_specific_store

Skill      XL: |  1  2  3  4  5  6  7 |
---------------+----------------------+-----
Axes           | 2 |  2.2
Armour         | 3 4 |  4.4
Shields        | 3 |  3.8
Maces & Flails | 1 2 3 |  3.0
Fighting       | 4 |  4.9
Dodging        | 1 2 |  2.0

Action                     |  1- 3 |  4- 6 |  7- 9 || total
---------------------------+-------+-------+-------++-------
  Melee: War axe           |   185 |       |    13 ||   198
         Mace              |    21 |    72 |     7 ||   100
    Use: Potion            |       |     2 |       ||     2
         Scroll            |       |     3 |       ||     3
   Stab: Sleeping          |     3 |     4 |     1 ||     8
         Distracted        |     1 |       |       ||     1
 Armour: Scale mail        |    48 |    30 |    26 ||   104
  Dodge: Dodged            |    47 |    39 |     9 ||    95
  Block: Buckler           |    36 |       |       ||    36
